cohdb
Replays
Latest Replays
All Replays
Popular Replays
Top Player Replays
Match Explorer
How It Works
Community
CoH3 Stats
Reddit
Sign in to upload your games and track your stats! →
Sign in with Steam
Match 23727041
Unlisted
Match 23727041
Overview
Messages
Build Orders
End
Panzergrenadier Squad
Selects Armored Support Battlegroup
Panzergrenadier Squad
250 Light Carrier
Panzergrenadier Squad
Construct Light Support Kompanie
Fire Support Elements
Flakvierling Half-track
2.5-tonne Medical Truck
Vehicle Survival Package
Selects Superior Fire Drills
Selects Salvage Kits
Panzerjäger Squad
Flakvierling Half-track
Construct Panzerarmee Kommand
Selects Panzer Storm
Panzer III L Medium Tank
MG34 Team
Armored Reserves
Veteran Squad Leaders
Selects Stuka Anti-tank Loiter
Tiger Heavy Tank
Pak 38 Anti-tank Gun Team
Selects Flammpanzer III Medium Tank Sd.Kfz. 141
le.IG 18 Support Gun Team
Stuka Anti-tank Loiter
Baionetto
Maddino di Rivia
ah
heybuy
0
0
Comments
sign in to comment!
No comments posted yet!